 Dungeon Crawl Stone Soup version 0.26-a0-438-g4b1dca4f87 (webtiles) character file.

Game seed: 167268323824481957

8 Misa the Chiller (level 2, 0/21 HPs)
             Began as a Barachi Ice Elementalist on July 26, 2020.
             Slain by a leopard gecko (3 damage)
             ... on level 1 of the Dungeon.
             The game lasted 00:01:36 (379 turns).

Misa the Chiller (Barachi Ice Elementalist)          Turns: 379, Time: 00:01:37

Health: 0/21       AC:  2    Str:  9    XL:     2   Next: 8%
Magic:  5/5        EV: 12    Int: 15    God:
Gold:   27         SH:  0    Dex: 12    Spells: 4/5 levels left

rFire    . . .     SeeInvis .   b - +0 spear
rCold    . . .     Faith    .   (no shield)
rNeg     . . .     Spirit   .   a - +0 robe
rPois    .         Reflect  .   (no helmet)
rElec    .         Harm     .   (no cloak)
rCorr    .                      (no gloves)
MR       .....                  (no boots)
Stlth    ++........             (no amulet)
HPRegen  0.07/turn              (no ring)
MPRegen  0.09/turn              (no ring)

@: slow
A: +LOS, swims, slowness 1, strong legs 1
a: Hop


You were on level 1 of the Dungeon.
You visited 1 branch of the dungeon, and saw 2 of its levels.

You collected 27 gold pieces.

Inventory:

Hand Weapons
 b - a +0 spear (weapon)
Armour
 a - a +0 robe (worn)


   Skills:
 + Level 1.0 Fighting
 - Level 2.1 Dodging
 - Level 1.7 Stealth
 + Level 2.4 Spellcasting
 + Level 5.0 Ice Magic


You had 4 spell levels left.
You knew the following spells:

 Your Spells              Type           Power        Failure   Level
a - Freeze                Ice            ###.         2%          1

Your spell library contained the following spells:

 Spells                   Type           Power        Failure   Level
 Frozen Ramparts          Ice            ###...       8%          3
 Ozocubu's Armour         Ice            ###.....     8%          3
 Hailstorm                Conj/Ice       #.......     58%         4
 Summon Ice Beast         Ice/Summ       #.......     58%         4


Dungeon Overview and Level Annotations

Branches:
Dungeon (2/15)

Altars:


Innate Abilities, Weirdness & Mutations

You can be seen from farther away. (+LOS)
You can swim through water.
You cover ground slowly.
You can hop short distances.


Message History

Things that are here:
a +0 dagger; a kobold corpse You hit the leopard gecko.
The leopard gecko is heavily wounded.
The leopard gecko bites you.
* * * LOW HITPOINT WARNING * * *
You miss the leopard gecko.
The leopard gecko is heavily wounded.
The leopard gecko completely misses you.
The leopard gecko barely misses you.
You closely miss the leopard gecko.
The leopard gecko is heavily wounded.
The leopard gecko barely misses you.
You barely miss the leopard gecko.
The leopard gecko is heavily wounded.
The leopard gecko barely misses you.
You miss the leopard gecko.
The leopard gecko is heavily wounded.
The leopard gecko barely misses you. The leopard gecko bites you.
You die...

.####..###..#...#.#.#.#.#.####..♣
.........#..###.#.#.#.#.#'##...P♣
.........#........#.#...........♣
.........#.####..##.#..........PP
.#########..........#..........♣♣
............####.##.#.#'#....##.P
............# #.##.#.#.#######.P
............# #.##.#.#....†.....
............####@.#.#.###########
................#l#.#....#
................#†#.#.##.##
................#.#.......#
..........................#
................#.........#
................##........#
............######........#
............# #..(.....#


You could see a leopard gecko.

Vanquished Creatures
  A leopard gecko (D:1)
  A giant cockroach (D:1)
  A hobgoblin (D:1)
  A kobold (D:1)
  2 frilled lizards
  A rat (D:1)
7 creatures vanquished.

Notes
Turn   | Place    | Note
-------+----------+-------------------------------------------
     0 | D:1      | Misa the Barachi Ice Elementalist began the quest for the
                  | Orb.
     0 | D:1      | Reached XP level 1. HP: 13/13 MP: 3/3
     3 | D:1      | Noticed a vampire
     3 | D:1      | Noticed a troll
     5 | D:1      | Noticed a centaur
     5 | D:1      | Noticed a merfolk
     7 | D:1      | Noticed a human
     7 | D:1      | Noticed a gargoyle
     9 | D:1      | Noticed an elf
     9 | D:1      | Noticed a halfling
    11 | D:1      | Noticed a tengu
    11 | D:1      | Noticed a demonspawn
    13 | D:1      | Noticed a naga
    13 | D:1      | Noticed an ogre
    15 | D:1      | Noticed a ghoul
    17 | D:1      | Noticed a spriggan
    17 | D:1      | Noticed a draconian
    19 | D:1      | Noticed a minotaur
    21 | D:1      | Noticed a felid
    21 | D:1      | Noticed a vine stalker
    23 | D:1      | Noticed an octopode
    25 | D:1      | Noticed a formicid
    27 | D:1      | Noticed a dwarf
    27 | D:1      | Noticed a demigod
    52 | D:1      | You fall into a shaft and drop 1 floor!
   370 | D:1      | Reached skill level 5 in Ice Magic
   370 | D:1      | Reached XP level 2. HP: 11/20 MP: 5/5
   373 | D:1      | Reached skill level 1 in Fighting
   379 | D:1      | Slain by a leopard gecko

Illustrated notes

Levels and vault maps discovered:
D:1:      kb_arrival_jail, layout_basic, serial_forest,
          infiniplex_forest_lined_room_, infiniplex_forest_lined_room_,
          infiniplex_forest_end_1, infiniplex_forest_clump_diagonal,
          infiniplex_forest_clump_long, infiniplex_forest_clump_C,
          infiniplex_forest_zigzag_1
D:2:      layout_rooms, tgw_xom, serial_park_tiny_2, minmay_misc_feat_pillars,
          minmay_distorted

Skill      XL: |  1  2 |
---------------+-------+-----
Ice Magic      | 5 |  5.0
Fighting       | 1 |  1.0
Dodging        | |  2.1
Stealth        | |  1.7
Spellcasting   | |  2.4

Action                   || total
-------------------------++-------
Melee: Spear             ||    24
 Abil: Hop               ||     1
 Stab: Sleeping          ||     1
Armor: Robe              ||     4
Dodge: Dodged            ||    23

Table legend: (Time is in decaauts)
 A = Elapsed time spent in this place.
 B = Non-inter-level travel time spent in this place.
 C = Inter-level travel time spent in this place.
 D = Time resting spent in this place.
 E = Time spent auto-exploring this place.
 F = Levels seen in this place.
 G = Mean time per level.
                   A        B        C        D        E       F      G
               +--------+--------+--------+--------+--------+-----+--------+
         Total |    426 |    426 |      0 |    115 |    183 |   2 |  213.0 |
       Dungeon |    426 |    426 |      0 |    115 |    183 |   2 |  213.0 |
               +--------+--------+--------+--------+--------+-----+--------+

Top non-repeatable levels by time:
     D:1: 410 daAuts
     D:2: 16 daAuts
